 Dungeon Crawl Stone Soup version 0.18.1-48-g4cf74bf (webtiles) character file.

499 dearth the Chopper (level 7, 0/61 HPs)
             Began as a Hill Orc Fighter on Aug 5, 2016.
             Slain by an iguana (8 damage)
             ... on level 5 of the Dungeon.
             The game lasted 00:10:41 (4660 turns).

dearth the Chopper (Hill Orc Fighter)               Turns: 4660, Time: 00:10:42

Health: 0/61       AC:  7    Str: 21    XL:     7   Next: 16%
Magic:  7/7        EV:  8    Int:  8    God:
Gold:   254        SH: 10    Dex: 10    Spells: 0 memorised, 6 levels left

rFire  . . .     SeeInvis .     a - +0 war axe
rCold  . . .     Gourm    .     i - +0 ring mail (curse)
rNeg   . . .     Faith    .     c - +0 shield
rPois  .         Spirit   .     s - +0 helmet
rElec  .         Dismiss  .     (no cloak)
rCorr  .         Reflect  .     (no gloves)
SustAt .         Harm     .     (no boots)
MR     .....                    t - amulet of rage
Stlth  ..........               (no ring)
                                (no ring)

@: not resistant to hostile enchantments, extremely unstealthy
A: no striking features
a: Evoke Berserk Rage


You were on level 5 of the Dungeon.
You were hungry.

You visited 1 branch of the dungeon, and saw 5 of its levels.

You collected 254 gold pieces.

Inventory:

Hand Weapons
 a - a +0 war axe (weapon)
Armour
 b - a +0 scale mail
 c - a +0 shield (worn)
 i - a cursed +0 ring mail (worn)
 s - a +0 helmet (worn)
Jewellery
 q - an uncursed ring of magical power {unknown}
 t - an amulet of rage (around neck)
Scrolls
 d - 3 scrolls of magic mapping {unknown}
 e - 6 scrolls of identify {unknown}
 g - 4 scrolls of amnesia {unknown}
 h - 3 scrolls of teleportation {unknown}
 l - 4 scrolls of remove curse {unknown}
 r - 2 scrolls of fog {unknown}
Potions
 j - a potion of curing {unknown}
 k - 2 potions of magic {unknown}
 m - 3 potions of lignification {unknown}
 o - a potion of flight {unknown}
 v - a potion of ambrosia {unknown}
 x - 2 potions of might
Books
 n - a Grand Grimoire

   Spells                             Type                      Level
   a - Monstrous Menagerie            Summoning                    7
   b - Summon Greater Demon           Summoning                    7
   c - Malign Gateway                 Summoning/Translocation      7
   d - Summon Horrible Things         Summoning                    8
Comestibles
 f - 6 bread rations
 p - a fruit
 u - a beef jerky
 w - a meat ration


   Skills:
 + Level 5.1 Fighting
 * Level 6.5 Axes
 + Level 4.7 Armour
 + Level 5.0 Shields


You had 6 spell levels left.
You didn't know any spells.

Dungeon Overview and Level Annotations

Branches:
Dungeon (5/15)
 Temple: D:4-7

Altars:
Zin

Shops:
D:4 [


Message History

The iguana is moderately wounded.
The iguana bites you!
* * * LOW HITPOINT WARNING * * *
The iguana closely misses you.
You barely miss the iguana.
The iguana is moderately wounded.
The iguana bites you but does no damage.
You hit the iguana.
The iguana is severely wounded.
The iguana bites you.
* * * LOW HITPOINT WARNING * * *
You closely miss the iguana.
The iguana is severely wounded.
The iguana hisses menacingly.
The iguana bites you.
* * * LOW HITPOINT WARNING * * *
Drink which item? (? for menu, Esc to quit)
Okay, then.
The iguana bites you!
You die...

###### .....#
###########.....#
.!..... .........
....... #........
.......##@#
........#l#
........#.#
........#.#
.......<#.#.#
............#
.....l..#...#
...$....#...#
.......##...#


You could see an iguana.

Vanquished Creatures
  Purgy (D:3)
  A phantom (D:4)
  A gnoll shaman (D:4)
  A hound (D:5)
  An orc wizard (D:3)
  3 worker ants
  5 gnolls
  3 adders
  An ooze (D:1)
  An adder skeleton (D:4)
  3 worms
  A dart slug (D:3)
  A giant gecko (D:2)
  7 orcs
  2 bats
  5 giant cockroaches
  7 goblins
  5 hobgoblins
  9 jackals
  2 quokkas
  A giant newt (D:2)
  A jackal skeleton (D:4)
  6 kobolds
  6 rats
74 creatures vanquished.

Notes
Turn   | Place    | Note
--------------------------------------------------------------
     0 | D:1      | dearth the Hill Orc Fighter began the quest for the Orb.
     0 | D:1      | Reached XP level 1. HP: 19/19 MP: 1/1
   220 | D:1      | Reached skill level 3 in Axes
   220 | D:1      | Reached XP level 2. HP: 25/27 MP: 2/2
   927 | D:2      | Reached XP level 3. HP: 27/33 MP: 3/3
  1211 | D:2      | Reached skill level 4 in Axes
  1507 | D:3      | Reached XP level 4. HP: 37/40 MP: 4/4
  1590 | D:3      | Found a glowing silver altar of Zin.
  1664 | D:3      | Noticed Purgy
  1679 | D:3      | HP: 1/40 [Purgy (5)]
  1680 | D:3      | Killed Purgy
  1680 | D:3      | Reached skill level 5 in Axes
  1680 | D:3      | Reached XP level 5. HP: 2/47 MP: 5/5
  2928 | D:4      | Found Conudo's Armour Boutique.
  3096 | D:4      | Reached XP level 6. HP: 42/53 MP: 6/6
  3306 | D:4      | Noticed a phantom
  3644 | D:4      | HP: 2/53 [phantom (4)]
  3959 | D:4      | Killed a phantom
  3974 | D:4      | Reached skill level 6 in Axes
  4213 | D:4      | Reached skill level 5 in Fighting
  4417 | D:4      | Reached XP level 7. HP: 48/61 MP: 7/7
  4637 | D:5      | Entered Level 5 of the Dungeon
  4649 | D:5      | Reached skill level 5 in Shields
  4660 | D:5      | Slain by an iguana

Skill      XL: |  1  2  3  4  5  6  7 |
---------------+----------------------+-----
Axes           | 3 4 5 6 |  6.5
Fighting       | 4 5 |  5.1
Armour         | 4 |  4.7
Shields        | 4 5 |  5.0

Action                   |  1- 3 |  4- 6 |  7- 9 || total
-------------------------+-------+-------+-------++-------
Melee: War axe           |   126 |   208 |    26 ||   360
  Use: Potion            |       |     1 |       ||     1
  Eat: Chunk             |     1 |     7 |       ||     8
       Pizza             |       |     1 |       ||     1
       Fruit             |       |     3 |       ||     3
Armor: Scale mail        |    55 |       |       ||    55
       Ring mail         |    24 |    82 |    10 ||   116
Dodge: Dodged            |    53 |    89 |    11 ||   153
Block: Shield            |    80 |   134 |    15 ||   229
